 Dungeon Sprint DCSS version 0.27-a0-489-g24c7b1a3ef (webtiles) character file.

Game seed: 15994822140564182985

9 rocky1 the Shield-Bearer (level 2, -14/25 HPs)
             Began as a Formicid Fighter on Mar 2, 2021.
             Demolished by an ogre
             ... wielding a +0 giant spiked club
              (27 damage)
             ... in the Dungeon (Sprint IX: "|||||||||||||||||||||||||||||").
             The game lasted 00:00:16 (92 turns).

rocky1 the Shield-Bearer (Formicid Fighter)           Turns: 92, Time: 00:00:17

Health: -14/25     AC:  7    Str: 20    XL:     2   Next: 25%
Magic:  2/2        EV:  8    Int:  7    God:
Gold:   0          SH:  9    Dex: 10    Spells: 1/1 levels left

rFire    . . .     SeeInvis +   a - +0 long sword
rCold    . . .     Faith    .   c - +0 kite shield
rNeg     . . .     Spirit   .   b - +0 scale mail
rPois    .         Reflect  .   (helmet unavailable)
rElec    .         Harm     .   (no cloak)
rCorr    .         Rampage  .   (no gloves)
Will     .....                  (no boots)
Stlth    ..........             (no amulet)
HPRegen  0.08/turn              (no ring)
MPRegen  0.08/turn              (no ring)

@: no status effects
A: permanent stasis, dig shafts and tunnels, antennae 3, four strong arms
a: Dig


You were in the Dungeon.
You visited 1 branch

Inventory:

Hand Weapons
 a - a +0 long sword (weapon)
Armour
 b - a +0 scale mail (worn)
 c - a +0 kite shield (worn)
Potions
 d - a potion of might
 e - a potion of curing
 f - a potion of heal wounds
 g - 2 potions of magic


   Skills:
 + Level 3.8 Fighting
 + Level 2.7 Long Blades
 + Level 3.9 Armour
 + Level 1.3 Dodging
 + Level 4.2 Shields


You had one spell level left.
You didn't know any spells.
Your spell library was empty.

Dungeon Overview and Level Annotations

Branches:
Dungeon (1/1)

Altars:


Innate Abilities, Weirdness & Mutations

You cannot be hasted, slowed, berserked, paralysed or teleported.
You can dig through walls and to a lower floor.
You have a pair of large antennae on your head. (SInv)
Your four strong arms can wield two-handed weapons with a shield.


Message History

Your Dodging skill increases to level 1!
You slash the bat!
You kill the bat!
There is an open door to the Dungeon here.
Things that are here:
a +0 club; a +0 dagger; a kobold corpse You start resting.
HP restored.
You open the door.
A frilled lizard, a quokka, a giant cockroach, an orc and an ogre come into view.
The frilled lizard hisses angrily.
The ogre shouts!
You hit the frilled lizard.
The frilled lizard is heavily wounded.
The frilled lizard bites you but does no damage.
You closely miss the frilled lizard.
The frilled lizard is heavily wounded.
You block the frilled lizard's attack.
You slash the frilled lizard!
You kill the frilled lizard!
The giant cockroach completely misses you.
You riposte.
You closely miss the giant cockroach.
You have reached level 2!
You hit the giant cockroach.
The giant cockroach is moderately wounded.
You block the giant cockroach's attack. x2
You slash the giant cockroach!
You kill the giant cockroach!
The orc closely misses you.
You riposte.
You barely miss the orc. You completely miss the orc.
The orc hits you but does no damage.
You slash the orc!
You kill the orc!
You block the ogre's attack.
You slash the ogre!
The ogre is moderately wounded.
The ogre hits you with a +0 giant spiked club!
You hit the ogre.
The ogre is moderately wounded.
The ogre hits you with a +0 giant spiked club!!
Ouch! That really hurt!
You die...

▓.▓
▓.▓
▓.▓
▓)▓
▓.▓
▓.▓
▓.▓
▓.▓
▓@▓
▓O▓
▓r▓
▓.▓
▓.▓
▓.▓
▓.▓
▓+▓


You could see an ogre and a quokka.

Vanquished Creatures
  An orc (D)
  A giant cockroach (D)
  A goblin (D)
  A jackal (D)
  A kobold (D)
  A bat (D)
  A frilled lizard (D)
  A rat (D)
8 creatures vanquished.

Notes
Turn   | Place    | Note
-------+----------+-------------------------------------------
     0 | D        | rocky1 the Formicid Fighter began the quest for the Orb.
     0 | D        | Reached XP level 1. HP: 18/18 MP: 1/1
    18 | D        | Reached skill level 4 in Shields
    20 | D        | Reached skill level 1 in Dodging
    83 | D        | Noticed an ogre
    87 | D        | Reached XP level 2. HP: 25/25 MP: 2/2
    92 | D        | Demolished by an ogre

Illustrated notes

Levels and vault maps discovered:
D:        linesprint [early_d, line_temple, items_1, d_10, items_2, lair_1,
          lair_end, items_3, orc_1, orc_end, items_4, d_15, swamp_1, shoals_1,
          snake_1, spider_1, d_20, vaults_1, items_5, swamp_end, shoals_end,
          snake_end, spider_end, vaults_end, d_27, items_6, zot_1, zot_end,
          crypt_end, forest_end, elf_end, slime_end, tomb_end, abyss_end,
          pan_hell_end]

Skill      XL: |  1 |
---------------+----+-----
Shields        | 4 |  4.2
Dodging        | 1 |  1.3
Fighting       | |  3.8
Long Blades    | |  2.7
Armour         | |  3.9

Action                   || total
-------------------------++-------
Melee: Long sword        ||    26
Armor: Scale mail        ||     8
Dodge: Dodged            ||     7
Block: Kite shield       ||    13
       Rpst.: Long sword ||     2

Table legend: (Time is in decaauts)
 A = Elapsed time spent in this place.
 B = Non-inter-level travel time spent in this place.
 C = Inter-level travel time spent in this place.
 D = Time resting spent in this place.
 E = Time spent auto-exploring this place.
 F = Levels seen in this place.
 G = Mean time per level.
                   A        B        C        D        E       F      G
               +--------+--------+--------+--------+--------+-----+--------+
         Total |    103 |    103 |      0 |     56 |      0 |   1 |  103.0 |
       Dungeon |    103 |    103 |      0 |     56 |      0 |   1 |  103.0 |
               +--------+--------+--------+--------+--------+-----+--------+

Top non-repeatable levels by time:
       D: 103 daAuts
